Map: New Repugnancy LE

Players

LesTat - Winner!

  • Race: Terran Terran
  • League: Diamond
  • Spawn Location: 7:00

Cheoklate

  • Race: Zerg Zerg
  • League: Diamond
  • Spawn Location: 1:00

VOD

Have the link to the VOD?

Description

Time

  • Played on: May 30, 2019, 2:47 p.m.
  • Length: 8:48
Show
View Real Time Build Order
Export as new Build Order

LesTat Terran - Winner!

Build Orders: Hellion Opening 

Get SALT Encoding   

  12  0:00  SCV  
  13  0:12  SCV  
  14  0:17  Supply Depot  
  14  0:25  SCV  
  15  0:38  SCV  
  15  0:39  Barracks  
  16  0:44  Refinery  
  16  0:50  SCV  
  17  1:02  SCV  
  18  1:14  SCV  
  19  1:26  Marine, Orbital Command  
  20  1:40  Command Center  
  20  1:43  Marine  
  21  1:52  SCV  
  22  1:58  Factory  
  22  2:06  Barracks Reactor  
  23  2:08  SCV  
  23  2:10  Supply Depot  
  23  2:16  Refinery  
  23  2:31  SCV  
  24  2:43  SCV  
  25  2:47  Starport  
  25  2:50  Hellion x2  
  29  2:51  Orbital Command  
  29  2:55  Barracks Tech Lab  
  29  2:56  SCV  
  30  3:08  SCV  
  30  3:11  Hellion x2  
  35  3:20  SCV x2  
  37  3:28  Supply Depot  
  37  3:29  Barracks Tech Lab  
  37  3:32  Hellion  
  37  3:33  Hellion  
  41  3:35  SCV x2  
  46  3:49  SCV  
  46  3:50  Supply Depot  
  46  3:54  Hellion  
  49  3:59  SCV  
  50  4:16  SCV  
  43  4:17  Engineering Bay  
  43  4:18  SCV  
  43  4:20  Refinery  
  43  4:21  Refinery  
  43  4:24  Hellion x2  
  45  4:26  Supply Depot  
  45  4:28  SCV  
  45  4:30  SCV, Fusion Core  
  47  4:31  Barracks Tech Lab  
  47  4:33  Starport  
  47  4:35  Starport  
  47  4:42  SCV  
  48  4:47  Hellion x2  
  48  4:50  Supply Depot  
  52  4:58  SCV  
  53  5:02  SCV  
  54  5:10  SCV  
  57  5:19  Battlecruiser  
  63  5:24  Battlecruiser  
  63  5:27  Hellion  
  70  5:28  SCV  
  70  5:30  SCV  
  70  5:35  Supply Depot  
  71  5:40  SCV  
  72  5:53  Battlecruiser  
  72  5:55  Barracks Tech Lab  
  82  5:57  Hellion x2  
  82  6:01  Weapon Refit  
  82  6:04  SCV x2  
  84  6:21  Hellion  
  86  6:28  Command Center  
  86  6:39  SCV x2, Supply Depot, Battlecruiser  
  96  6:40  Hellion  
  96  6:51  SCV x2  
  98  7:04  Battlecruiser  
  98  7:05  SCV x2  
  106  7:09  Factory  
  106  7:14  Barracks Tech Lab  
  106  7:17  SCV  
  106  7:20  Refinery  
  107  7:26  SCV, Refinery  
  107  7:27  Hellion  
  110  7:32  Supply Depot  
  110  7:33  SCV, Supply Depot  
  110  7:34  Hellion  
  113  7:41  Planetary Fortress  
Show
View Real Time Build Order
Export as new Build Order

Cheoklate Zerg 

Build Orders: Hatch First 

Get SALT Encoding   

  12  0:01  Drone  
  13  0:12  Overlord  
  13  0:16  Drone  
  14  0:32  Drone x2  
  16  0:50  Hatchery  
  16  0:52  Drone  
  16  0:56  Drone  
  17  1:00  Drone  
  18  1:10  Extractor  
  17  1:16  Spawning Pool  
  17  1:18  Drone  
  17  1:22  Drone  
  18  1:27  Drone  
  19  1:38  Drone  
  20  1:49  Drone  
  21  2:03  Queen x2  
  21  2:04  Drone x2  
  27  2:17  Hatchery  
  26  2:23  Overlord  
  26  2:25  Drone  
  27  2:30  Drone  
  27  2:34  Metabolic Boost  
  28  2:41  Drone x3  
  31  2:48  Overlord  
  31  2:51  Drone  
  32  2:54  Queen  
  32  2:57  Drone  
  35  2:59  Drone  
  36  3:07  Drone x2  
  38  3:18  Overlord  
  38  3:19  Drone x4  
  42  3:33  Evolution Chamber  
  42  3:34  Roach Warren, Extractor, Drone x3  
  41  3:35  Extractor  
  41  3:40  Drone x2  
  41  3:41  Queen  
  46  3:48  Zergling x2  
  46  3:51  Zergling x2  
  46  3:52  Zergling x8  
  43  4:04  Drone x6  
  46  4:15  Drone x2  
  46  4:16  Drone  
  46  4:23  Drone  
  47  4:24  Lair  
  47  4:33  Drone x2  
  47  4:34  Drone x3  
  52  4:42  Drone x3  
  55  4:50  Zerg Ground Armor Level 1  
  55  4:59  Extractor, Drone x2  
  57  5:00  Drone x2  
  57  5:03  Overlord x3  
  58  5:23  Evolution Chamber  
  58  5:27  Drone x7  
  58  5:28  Drone x2  
  66  5:43  Hydralisk Den  
  66  5:47  Roach  
  66  5:48  Roach x5  
  77  6:01  Overlord  
  77  6:02  Overlord x2  
  72  6:18  Spore Crawler  
  72  6:19  Spore Crawler  
  72  6:21  Spore Crawler  
  72  6:23  Extractor, Roach  
  72  6:24  Roach x10  
  90  6:31  Extractor, Drone x4  
  93  6:40  Drone x2  
  93  6:42  Hatchery  
  94  6:47  Zerg Missile Weapons Level 1  
  94  6:53  Overseer  
  94  7:05  Overseer  
  94  7:07  Infestation Pit  
  93  7:16  Drone x13  
  93  7:18  Overlord x4  
  93  7:19  Overlord  
  93  7:20  Glial Reconstitution  
  104  8:02  Hydralisk x13  
  125  8:08  Drone x7  
Tags
 
Add a new tag
Caveats
  • Supply blocks, unpowered buildings, or Contaminate may cause inaccurate times.
  • Supply counts are checked every 10 seconds.